 Dungeon Crawl Stone Soup version 0.29-a0-371-g91724d5b39 (webtiles) character file.

Game seed: 10988291276458040766

16 spaghetti the Nimble (level 2, -3/20 HPs)
             Began as a Gnoll Wanderer on May 3, 2022.
             Killed by nerve-wracking pain
             ... invoked by an orc priest
              (9 damage)
             ... on level 1 of the Dungeon.
             The game lasted 00:01:45 (1127 turns).

spaghetti the Nimble (Gnoll Wanderer)               Turns: 1127, Time: 00:01:46

Health: -3/20      AC:  4    Str: 10    XL:     2   Next: 58%
Magic:  4/5        EV: 16    Int:  9    God:
Gold:   10         SH:  0    Dex: 14    Spells: 5/6 levels left

rFire   . . .      SeeInvis .   a - +2 short sword {short}
rCold   . . .      Faith    .   (no shield)
rNeg    . . .      Spirit   .   d - +0 leather armour
rPois   .          Reflect  .   (no helmet)
rElec   .          Harm     .   b - +0 cloak
rCorr   .          Rampage  .   (no gloves)
Will    .....                   (no boots)
Stlth   +.........              (no amulet)
HPRegen 0.06/turn               (no ring)
MPRegen 0.09/turn               (no ring)

@: very slightly contaminated
A: fangs 1, strong nose, distributed training
a: no special abilities


You were on level 1 of the Dungeon.
You visited 1 branch of the dungeon, and saw 2 of its levels.

You collected 10 gold pieces.


Innate Abilities, Weirdness & Mutations

You have very sharp teeth.
Your uncanny sense of smell can sniff out nearby items.
Your experience applies equally to all skills.


   Skills:
 + Level 0.4 Fighting
 + Level 6.5 Short Blades
 + Level 0.4 Long Blades
 + Level 0.4 Axes
 + Level 0.4 Maces & Flails
 + Level 0.4 Polearms
 + Level 0.4 Staves
 + Level 0.4 Slings
 + Level 0.4 Bows
 + Level 0.4 Crossbows
 + Level 0.4 Throwing
 + Level 0.4 Armour
 + Level 10.4 Dodging
 + Level 0.4 Stealth
 + Level 0.4 Shields
 + Level 0.4 Unarmed Combat
 + Level 2.7 Spellcasting
 + Level 0.2 Conjurations
 + Level 0.2 Hexes
 + Level 0.2 Summonings
 + Level 0.2 Necromancy
 + Level 0.2 Translocations
 + Level 0.2 Transmutations
 + Level 2.0 Fire Magic
 + Level 0.2 Ice Magic
 + Level 0.2 Air Magic
 + Level 0.2 Earth Magic
 + Level 0.2 Poison Magic
 + Level 0.5 Invocations
 + Level 0.4 Evocations


You had 5 spell levels left.
You knew the following spells:

 Your Spells              Type           Power      Damage    Failure   Level
a - Foxfire               Conj/Fire      12%        2x1d4     26%         1

Your spell library contained the following spells:

 Spells                   Type           Power      Damage    Failure   Level
 Conjure Flame            Conj/Fire      3%         6-21      61%         3

Inventory:

Hand Weapons
 a - a +2 short sword (weapon) {short}
Missiles
 e - 24 stones {throwing}
 k - a throwing net {=f!fthrowing}
Armour
 b - a +0 cloak (worn)
 d - a +0 leather armour (worn)
Scrolls
 c - 2 scrolls of fear
 h - a scroll of holy word {unknown}
 i - a scroll of fog {unknown}
 j - a scroll of blinking {unknown}
 l - a scroll of enchant armour {unknown}

Dungeon Overview and Level Annotations

Branches:
Dungeon (2/15)

Altars:

###### ##### #....# #...#
####.##.# #.#.# #....##.####
#.#.####### #.#####....#
#.#.#...... #.########.#
#.#.....### .....# #.#
#.#.......# .###.# #.# #######
#.........# .###.# #.#
#.@S..#####.#.#.### .#...# #.#
#o###.##......#.... ...#.#####.#
#.# #.##.####.#####
.......#...####.#
#.##..#.......#
.#.#.#.#.##.....#
#.....#.#.###.#
.#...#.#.##.#####
####..#.#.....# .####รท....#.#
##....#.#.###
##......#)#.#######
#...#........
#.##.#...#.......###.#######..#.


You could see an orc priest and an adder.


Message History

Confirm with . or Enter, or press ? or * to list all spells.
You miscast Foxfire.
Nothing appears to happen.
The orc priest calls upon Beogh to heal the orc.
The orc's wounds heal themselves! ๐Ÿ˜ฎ MP[-1]
You lost 1 mp, and now have 1/5 mp.
Unknown command.
Casting: Foxfire (safe; 26% risk of failure)
Confirm with . or Enter, or press ? or * to list all spells.
You conjure some foxfire! ๐Ÿ˜ฎ MP[-1]
You lost 1 mp, and now have 0/5 mp.
Unknown command.
It was a potion of curing.
You feel better.
The foxfire hits the orc.
An orc comes into view.
It is wielding a +0 trident. ๐Ÿ˜Ž HP[+6]
Your hp is fully restored (20).
As you read the scroll labelled PEAMIE HIPHAHU, it crumbles to dust.
You feel aware of your surroundings.
It was a scroll of magic mapping.
The orc shouts!
You hear a shout!
You hit the orc but do no damage. You bite the orc, but do no damage.
What are your orders? t - Bark!
Orders for allies: a - Attack new target. r - Retreat! s - Stop attacking. g - Guard the area. f - Follow me.
Anything else - Cancel.
You bark for attention!
You hear a shout!
The orc completely misses you.
An orc comes into view. It is wielding a +0 dagger.
What are your orders? t - Bark!
Orders for allies: a - Attack new target. r - Retreat! s - Stop attacking. g - Guard the area. f - Follow me.
Anything else - Cancel.
Okay, then.
The orc attacks as you move away! The orc barely misses you.
An adder comes into view. ๐Ÿ˜Ž MP[+1]
The orc attacks as you move away!
The orc hits you with a +0 dagger. ๐Ÿ˜• HP[-1]
You take 1 damage, and now have 19/20 hp.
The orc attacks as you move away! The orc barely misses you.
There is a stone staircase leading up here.
The orc hits you with a +0 dagger.
Your magical contamination has completely faded away.
You climb upwards.
There is a stone staircase leading down here. ๐Ÿ˜• HP[-2]
You take 2 damage, and now have 17/20 hp.
You hit the orc but do no damage. The orc closely misses you.
You hit the orc. Your bite misses the orc. The orc completely misses you.
You hit the orc. The orc misses you. ๐Ÿ˜• HP[+1]
You hit the orc but do no damage. You barely miss the orc. The orc misses you.
You hit the orc. The orc barely misses you. ๐Ÿ˜• MP[+1]
You hit the orc. The orc completely misses you.
You hit the orc.
You kill the orc!
You start resting. ๐Ÿ˜Ž HP[+2] MP[+2]
Your hp is fully restored (20).
You regained 2 mp, and now have 4/5 mp.
Unknown command.
Unknown command.
You start resting. ๐Ÿ˜Ž MP[+1]
Your mp is fully restored (5).
Unknown command.
Unknown command.
You climb downwards.
The adder misses you.
The orc priest mumbles some strange prayers to Beogh against you.
Beogh smites you! The adder bites you.
* * * LOW HITPOINT WARNING * * *
The orc misses you.
There is a stone staircase leading up here. ๐Ÿ˜จ HP[-11]
You take 11 damage, and now have 9/20 hp.
MASSIVE DAMAGE!! (PAUSE) Unknown command.
The adder bites you but does no damage.
The orc priest hits you but does no damage.
The orc hits you but does no damage.
You climb upwards.
There is a stone staircase leading down here.
Unknown command.
Unknown command.
Unknown command.
Casting: Foxfire (safe; 26% risk of failure)
Confirm with . or Enter, or press ? or * to list all spells.
You miscast Foxfire.
You are very lightly contaminated with residual magic.
Nothing appears to happen.
The adder bites you.
* * * LOW HITPOINT WARNING * * *
The orc priest mumbles some strange prayers to Beogh against you.
Pain shoots through your body!
You die...

Skill      XL: |  1 |
---------------+----+-----
Dodging        | | 10.4
Fire Magic     | 2 |  2.0
Fighting       | |  0.4
Short Blades   | |  6.5
Long Blades    | |  0.4
Axes           | |  0.4
Maces & Flails | |  0.4
Polearms       | |  0.4
Staves         | |  0.4
Slings         | |  0.4
Bows           | |  0.4
Crossbows      | |  0.4
Throwing       | |  0.4
Armour         | |  0.4
Stealth        | |  0.4
Shields        | |  0.4
Unarmed Combat | |  0.4
Spellcasting   | |  2.7
Conjurations   | |  0.2
Hexes          | |  0.2
Summonings     | |  0.2
Necromancy     | |  0.2
Translocations | |  0.2
Transmutations | |  0.2
Ice Magic      | |  0.2
Air Magic      | |  0.2
Earth Magic    | |  0.2
Poison Magic   | |  0.2
Invocations    | |  0.5
Evocations     | |  0.4

Action                   || total
-------------------------++-------
Melee: Short sword       ||    16
       Bite              ||     2
 Cast: Foxfire           ||    27
  Use: Scroll            ||     1
       Potion            ||     1
Armor: Leather armour    ||     7
Dodge: Dodged            ||    27

Levels and vault maps discovered:
D:1:      mrwooster_arrival_statue, layout_basic, minmay_misc_feat_four_crosses,
          nicolae_figureground_pulse
D:2:      layout_loops_cross, uniq_natasha

Notes
Turn   | Place    | Note
-------+----------+-------------------------------------------
     0 | D:1      | Reached skill level 10 in Dodging
     0 | D:1      | spaghetti the Gnoll Wanderer began the quest for the Orb.
     0 | D:1      | spaghetti set off with the following items: a +2 short
                  | sword {short}, a +0 cloak, a scroll of fear, a +0 leather
                  | armour; and the following spell memorised: Foxfire; and the
                  | following spells available to memorise: Conjure Flame
     0 | D:1      | Reached XP level 1. HP: 13/13 MP: 4/4
     0 | D:1      | magus.rc [v1.9.6]
   274 | D:1      | Reached skill level 2 in Fire Magic
   416 | D:1      | Reached XP level 2. HP: 19/19 MP: 0/5
  1127 | D:1      | Killed from afar by an orc priest

Vanquished Creatures
  An orc (D:1)
  2 endoplasms (D:1)
  2 hobgoblins (D:1)
  3 ball pythons (D:1)
  A bat (D:1)
  4 kobolds (D:1)
  3 rats
16 creatures vanquished.

Vanquished Creatures (others)
  47 foxfires
47 creatures vanquished.

Grand Total: 63 creatures vanquished

Table legend:
 A = Non-vault XP
 B = Vault XP
 C = Vault XP percentage of total XP
 D = Non-vault monster count
 E = Vault monster count
 F = Vault count percentage of total count
                 A         B        C        D         E       F
            +---------+---------+-------+---------+---------+-------
      Total |      24 |       0 |   0.0 |      16 |       0 |   0.0
            +---------+---------+-------+---------+---------+-------
        D:1 |      23 |       0 |   0.0 |      15 |       0 |   0.0
        D:2 |       1 |       0 |   0.0 |       1 |       0 |   0.0
            +---------+---------+-------+---------+---------+-------

Illustrated notes

Table legend:
 A = Kills in this place as a percentage of kills in entire the game.
 B = Kills by you in this place as a percentage of kills by you in the entire game.
 C = Kills by friends in this place as a percentage of kills by friends in the entire game.
 D = Other kills in this place as a percentage of other kills in the entire game.
 E = Experience gained in this place as a percentage of experience gained in the entire game.
 F = Experience gained in this place divided by the number of levels of this place that you have seen.
                   A       B       C       D       E      F
               +-------+-------+-------+-------+-------+----------------------
         Total | 100.0 | 100.0 |   N/A |   N/A | 100.0 |  12.0
       Dungeon | 100.0 | 100.0 |   N/A |   N/A | 100.0 |  12.0
               +-------+-------+-------+-------+-------+----------------------

Table legend: (Time is in decaauts)
 A = Elapsed time spent in this place.
 B = Non-inter-level travel time spent in this place.
 C = Inter-level travel time spent in this place.
 D = Time resting spent in this place.
 E = Time spent auto-exploring this place.
 F = Levels seen in this place.
 G = Mean time per level.
                   A        B        C        D        E       F      G
               +--------+--------+--------+--------+--------+-----+--------+
         Total |   1124 |   1103 |     21 |     32 |    941 |   2 |  562.0 |
       Dungeon |   1124 |   1103 |     21 |     32 |    941 |   2 |  562.0 |
               +--------+--------+--------+--------+--------+-----+--------+

Top non-repeatable levels by time:
     D:1: 1078 daAuts
     D:2: 46 daAuts
